 Dungeon Sprint DCSS version 0.21-a0-84-g85d6d27 (webtiles) character file.

11715 HallandMoats the Victor of a Thousand Battles (level 11, -28/102 HPs)
             Began as a Demonspawn Fighter on July 6, 2017.
             Was the Champion of Okawaru.
             Blown up by a great orb of eyes (42 damage)
             ... with a disintegration bolt
             ... in the Dungeon (Sprint IX: "|||||||||||||||||||||||||||||").
             The game lasted 00:07:43 (2430 turns).

HallandMoats (DsFi)                                 Turns: 2430, Time: 00:07:44

Health: -28/102    AC: 21    Str: 18    XL:     11   Next: 52%
Magic:  5/7        EV: 19    Int:  9    God:    Okawaru [******]
Gold:   86         SH: 14    Dex: 18    Spells: 10/10 levels left

rFire    + . .     SeeInvis .   a - +2 morningstar (antimagic)
rCold    + . .     Gourm    .   c - +0 shield
rNeg     . . .     Faith    .   D - +3 scale mail
rPois    +         Spirit   .   (helmet restricted)
rElec    +         Reflect  .   I - +1 cloak
rCorr    +         Harm     .   G - +1 pair of gloves
MR       .....     NoTele   +   (no boots)
Stlth    ++........             (no amulet)
HPRegen  0.27/turn              s - +3 ring of dexterity
MPRegen  0.10/turn              E - ring of poison resistance

@: resistant, heroism, slowed, very slow
A: antennae 1, thin metallic scales 2, demonic guardian 2, powered by death 2
a: Heroism, Finesse, Renounce Religion


You were in the Dungeon.
You worshipped Okawaru.
Okawaru was exalted by your worship.
You were very hungry.

You visited 1 branch You collected 1935 gold pieces.
You spent 1849 gold pieces at shops.

Inventory:

Hand Weapons
 a - a +2 antimagic morningstar (weapon)
Armour
 c - a +0 shield (worn)
 D - a +3 scale mail (worn)
 G - a +1 pair of gloves (worn)
 I - a +1 cloak (worn)
Jewellery
 s - a +3 ring of dexterity (left hand)
 E - a ring of poison resistance (right hand)
 F - an uncursed ring of protection from fire
Wands
 o - a wand of iceblast (7/15)
Scrolls
 b - 11 scrolls of enchant weapon
 k - 3 scrolls of blinking
 l - a scroll of fear
 m - 5 scrolls of remove curse
 n - 2 scrolls of amnesia
 u - 3 scrolls of fog
 y - 4 scrolls of enchant armour
 A - a scroll of recharging
 B - a scroll of identify
Potions
 d - 5 potions of might
 e - 8 potions of curing
 g - 10 potions of heal wounds
 h - 3 potions of haste
 i - 4 potions of magic
 j - 2 potions of berserk rage
 z - 2 potions of resistance
 C - 2 potions of agility
 H - a potion of brilliance
Miscellaneous
 p - a phantom mirror
Comestibles
 f - 14 bread rations
 v - 40 fruits
 w - 12 meat rations


   Skills:
 * Level 15.1(20.1) Fighting
 * Level 12.3(17.3) Maces & Flails
 + Level 9.2(14.2) Armour
 + Level 8.8(13.8) Dodging
 + Level 9.3(14.3) Shields
 * Level 16.3 Invocations


You had 10 spell levels left.
You didn't know any spells.

Dungeon Overview and Level Annotations

Branches:
Dungeon (1/1)

Altars:
Cheibriados
Dithmenos
Elyvilon
Fedhas
Gozag
Hepliaklqana
Kikubaaqudgha
Makhleb
Nemelex Xobeh
Okawaru
Qazlal
Ru
Sif Muna
Trog
Uskayaw
Vehumet
Wu Jian
Xom
Yredelemnul
Zin
The Shining One
Beogh
Jiyva
Lugonu

Shops:
D }!?}


Innate Abilities, Weirdness & Mutations

You have a pair of small antennae on your head.
You are mostly covered in thin metallic scales. (AC +3)
A demonic guardian rushes to your aid.
You regenerate health from kills.


Message History

The bolt of lightning hits your ice devil.
You block the ogre mage's attack.
You hit the ogre mage but do no damage.
The ogre mage is almost dead.
The ogre mage hits you but does no damage.
The great orb of eyes pulsates ominously.
You barely miss the ogre mage.
The ogre mage is almost dead.
The ogre mage falters for a moment.
The ogre mage gestures at you while chanting.
You resist with significant effort.
You puncture the ogre mage!
You kill the ogre mage!
Okawaru is honoured by your kill. The great orb of eyes gazes at you.
You resist with significant effort.
The great orb of eyes bites you but does no damage.
The great orb of eyes gazes at you.
You are blasted!
You die...

▓_▓.▓.▓.▓.▓.▓.▓,*,*,*+*,*,*,*,
▓_▓.▓.▓.▓.▓.▓.▓,*,*,*,*,*,*,*,
▓_▓.▓.▓.▓.▓.▓.▓,*,*,*,*,*,*,*,
▓_▓.▓.▓.▓.▓.▓.▓,*,*,*,*,*,*,*,
▓_▓.▓.▓.▓'▓.▓.▓,*,*,*,*,*,*,*,
▓)▓.▓†▓.▓)▓.▓[▓,*,*,*,*,*,*,*,
▓.▓.▓.▓.▓)▓.▓)▓,*,*,*,*,*,*,*,
▓)▓.▓.▓.▓)▓.▓4▓,*,*,*,*,*,*,*,
▓|▓.▓.▓.▓)▓.▓@▓,*,*,*,*,*,*,*,
▓)▓.▓.▓.▓)▓.▓G▓,*+*,*,*,*,*,*,
▓.▓.▓.▓.▓∩▓.▓C▓,*,*,*,*,*,*,*,
▓.▓.▓.▓.▓.▓.▓.▓,*,*,*,*,*,*,*,
▓.▓.▓.▓.▓∩▓.▓(▓,*,*,*,*,*,*,*,
▓.▓.▓.▓.▓.▓.▓.▓,*,*,*,*,*,*,*+
▓[▓.▓.▓.▓∩▓.▓.▓,*≈*,*,*,*,*,*,
▓)▓.▓[▓.▓)▓.▓.▓,*≈*,*,*,*,*,*,
▓.▓.▓)▓.▓∩▓.▓.▓,*≈*,*,*,*,*,*,


You could see a fire giant, a great orb of eyes and a friendly ice devil.

Vanquished Creatures
  A very ugly thing (D)
  A fire dragon (D)
  Harold (D)
  2 ogre magi (D)
  A two-headed ogre (D)
  4 orc sorcerers (D)
  A cyclops (D)
  An elephant (D)
  A wraith (D)
  2 wargs (D)
  A soldier ant (D)
  2 hell hounds (D)
  2 orc warriors (D)
  A sky beast (D)
  A boggart (D)
  2 wolves (D)
  A big kobold (D)
  3 bullfrogs (D)
  A howler monkey (D)
  A crimson imp (D)
  A hound (D)
  3 orc priests (D)
  10 orc wizards (D)
  An adder skeleton (D)
  A dart slug (D)
  4 orcs (D)
  A giant cockroach (D)
  A goblin (D)
  2 kobolds (D)
  A ball python zombie (D)
  A jackal zombie (D)
  A leopard gecko skeleton (D)
  A rat (D)
58 creatures vanquished.

Vanquished Creatures (collateral kills)
  2 tengu warriors (D)
  2 two-headed ogres (D)
  An orc knight (D)
  A spiny frog (D)
  A komodo dragon (D)
  2 blink frogs (D)
  A hippogriff (D)
  A wyvern (D)
  2 wargs (D)
  2 water moccasins (D)
  2 porcupines (D)
  11 orc warriors (D)
  An ogre (D)
  A wolf (D)
  4 bullfrogs (D)
  An orc wizard (D)
  3 orc priests (D)
  A bat zombie (D)
  2 leopard gecko skeletons (D)
41 creatures vanquished.

Grand Total: 99 creatures vanquished

Notes
Turn   | Place    | Note
-------+----------+-------------------------------------------
     0 | D        | HallandMoats the Demonspawn Fighter began the quest for the Orb.
     0 | D        | Reached XP level 1. HP: 18/18 MP: 1/1
    23 | D        | Noticed a crimson imp
    23 | D        | Noticed an orc wizard
    28 | D        | Reached skill level 5 in Fighting
    28 | D        | Gained mutation: You are partially covered in thin metallic scales. (AC +2) [demonic ancestry]
    28 | D        | Reached XP level 2. HP: 27/27 MP: 2/2
    49 | D        | Reached XP level 3. HP: 18/36 MP: 3/3
    90 | D        | Found a roughly hewn altar of Beogh.
    90 | D        | Found a snail-covered altar of Cheibriados.
    90 | D        | Found a shadowy altar of Dithmenos.
    90 | D        | Found a white marble altar of Elyvilon.
    90 | D        | Found a blossoming altar of Fedhas.
    90 | D        | Found an opulent altar of Gozag.
    91 | D        | Found a hazy altar of Hepliaklqana.
   105 | D        | Gained mutation: A weak demonic guardian rushes to your aid. [demonic ancestry]
   105 | D        | Reached XP level 4. HP: 30/45 MP: 4/4
   109 | D        | Found a viscous altar of Jiyva.
   110 | D        | Found an ancient bone altar of Kikubaaqudgha.
   111 | D        | Found a corrupted altar of Lugonu.
   112 | D        | Found a burning altar of Makhleb.
   113 | D        | Found a sparkling altar of Nemelex Xobeh.
   114 | D        | Found an iron altar of Okawaru.
   115 | D        | Found a stormy altar of Qazlal.
   116 | D        | Found a sacrificial altar of Ru.
   117 | D        | Found a deep blue altar of Sif Muna.
   118 | D        | Found a bloodstained altar of Trog.
   119 | D        | Found a hide-covered altar of Uskayaw.
   120 | D        | Found a radiant altar of Vehumet.
   121 | D        | Found an ornate altar of the Wu Jian Council.
   122 | D        | Became a worshipper of Warmaster Okawaru
   203 | D        | Found a shimmering altar of Xom.
   204 | D        | Found a basalt altar of Yredelemnul.
   205 | D        | Found a glowing silver altar of Zin.
   206 | D        | Found a glowing golden altar of the Shining One.
   260 | D        | Noticed a big kobold
   260 | D        | Noticed an ogre
   260 | D        | Noticed a two-headed ogre
   264 | D        | Reached skill level 1 in Dodging
   264 | D        | Reached skill level 2 in Invocations
   270 | D        | Reached skill level 3 in Invocations
   270 | D        | Gained mutation: A demonic guardian rushes to your aid. [demonic ancestry]
   270 | D        | Reached XP level 5. HP: 46/52 MP: 1/7
   273 | D        | Reached skill level 4 in Invocations
   289 | D        | Killed a two-headed ogre
   289 | D        | Reached * piety under Okawaru
   289 | D        | Reached ** piety under Okawaru
   289 | D        | Reached skill level 10 in Fighting
   289 | D        | Reached skill level 5 in Maces & Flails
   289 | D        | Reached skill level 7 in Invocations
   289 | D        | Reached XP level 6. HP: 24/61 MP: 2/11
   289 | D        | Reached XP level 7. HP: 26/67 MP: 2/12
   294 | D        | Reached skill level 8 in Invocations
   606 | D        | Noticed a two-headed ogre
   606 | D        | Noticed a tengu warrior
   606 | D        | Noticed a wyvern
   610 | D        | Killed a two-headed ogre
   610 | D        | Reached skill level 5 in Armour
   610 | D        | Reached skill level 5 in Shields
   610 | D        | Reached skill level 9 in Invocations
   659 | D        | Killed a tengu warrior
   659 | D        | Reached *** piety under Okawaru
   659 | D        | Reached **** piety under Okawaru
   659 | D        | Reached skill level 10 in Invocations
   659 | D        | Gained mutation: You are mostly covered in thin metallic scales. (AC +3) [demonic ancestry]
   659 | D        | Reached XP level 8. HP: 75/75 MP: 5/15
   683 | D        | Reached skill level 5 in Dodging
   824 | D        | Noticed a spiny frog
   824 | D        | Noticed a blink frog
   840 | D        | Killed a spiny frog
   856 | D        | Killed a blink frog
   856 | D        | Reached ***** piety under Okawaru
   860 | D        | Reached skill level 11 in Invocations
   874 | D        | Gained mutation: You regenerate a little health from kills. [demonic ancestry]
   874 | D        | Reached XP level 9. HP: 81/82 MP: 5/17
   895 | D        | Noticed a komodo dragon
   897 | D        | Noticed an elephant
   927 | D        | Killed a komodo dragon
   933 | D        | Killed an elephant
   933 | D        | Reached skill level 12 in Invocations
   995 | D        | Reached ****** piety under Okawaru
  1161 | D        | Received a gift from Okawaru
  1162 | D        | Got a thick robe {god gift}
  1187 | D        | Reached skill level 13 in Invocations
  1425 | D        | Identified the +1 robe "Kefub" {rN+ MR- SInv} (Okawaru gifted it to you in the Dungeon)
  1444 | D        | Gained mutation: You have a pair of small antennae on your head. [demonic ancestry]
  1444 | D        | Reached XP level 10. HP: 92/92 MP: 6/19
  1456 | D        | Noticed an orc knight
  1457 | D        | Reached skill level 10 in Maces & Flails
  1467 | D        | Killed an orc knight
  1725 | D        | Found Besoarai's Gadget Emporium.
  1725 | D        | Noticed an orc sorcerer
  1725 | D        | Noticed an orc sorcerer
  1733 | D        | Killed an orc sorcerer
  1734 | D        | Found Esmaiss's Distillery.
  1734 | D        | Noticed an orc sorcerer
  1740 | D        | Killed an orc sorcerer
  1740 | D        | Reached skill level 14 in Invocations
  1746 | D        | Killed an orc sorcerer
  1751 | D        | Found Coxav's Magic Scroll Emporium.
  1759 | D        | Found Riozil's Gadget Shoppe.
  1762 | D        | Noticed an orc sorcerer
  1767 | D        | Noticed a sixfirhy
  1773 | D        | Killed an orc sorcerer
  1831 | D        | Bought a phantom mirror for 390 gold pieces
  1833 | D        | Bought 3 scrolls of enchant weapon for 270 gold pieces
  1833 | D        | Bought a scroll of fog for 24 gold pieces
  1833 | D        | Bought a scroll of fog for 24 gold pieces
  1833 | D        | Bought a scroll of enchant armour for 90 gold pieces
  1833 | D        | Bought a scroll of enchant armour for 90 gold pieces
  1833 | D        | Bought a scroll of magic mapping for 42 gold pieces
  1833 | D        | Bought a scroll of recharging for 114 gold pieces
  1833 | D        | Bought a scroll of identify for 24 gold pieces
  1836 | D        | Bought 3 potions of resistance for 330 gold pieces
  1836 | D        | Bought a potion of haste for 110 gold pieces
  1836 | D        | Bought 2 potions of might for 88 gold pieces
  1836 | D        | Bought a potion of curing for 33 gold pieces
  1836 | D        | Bought a potion of heal wounds for 55 gold pieces
  1836 | D        | Bought a potion of agility for 44 gold pieces
  1836 | D        | Bought a potion of might for 44 gold pieces
  1836 | D        | Bought a potion of curing for 33 gold pieces
  1836 | D        | Bought a potion of agility for 44 gold pieces
  1949 | D        | Noticed Harold
  1969 | D        | Killed Harold
  2317 | D        | Noticed a tengu warrior
  2317 | D        | Noticed a two-headed ogre
  2317 | D        | Noticed a cyclops
  2328 | D        | Killed a tengu warrior
  2328 | D        | Received a gift from Okawaru
  2328 | D        | Reached skill level 15 in Invocations
  2332 | D        | Gained mutation: You regenerate health from kills. [demonic ancestry]
  2332 | D        | Reached XP level 11. HP: 94/101 MP: 0/22
  2340 | D        | Killed a two-headed ogre
  2341 | D        | Noticed a cyan very ugly thing
  2344 | D        | Noticed a fire dragon
  2349 | D        | Noticed an ogre mage
  2350 | D        | Noticed an ogre mage
  2374 | D        | Killed a cyan very ugly thing
  2375 | D        | Noticed a great orb of eyes
  2395 | D        | Noticed a fire giant
  2396 | D        | Killed an ogre mage
  2411 | D        | Killed a fire dragon
  2411 | D        | Reached skill level 15 in Fighting
  2411 | D        | Reached skill level 16 in Invocations
  2429 | D        | Killed an ogre mage
  2430 | D        | Blown up by a great orb of eyes

Vault maps used:
D:        linesprint

Skill      XL: |  1  2  3  4  5  6  7  8  9 10 11 |
---------------+----------------------------------+-----
Fighting       | 5 7 8 9 10 11 12 13 14 15 | 15.1
Maces & Flails | 3 5 7 8 9 11 12 | 12.3
Armour         | 3 4 5 6 7 8 9 |  9.2
Dodging        | 1 3 4 5 6 8 |  8.8
Shields        | 3 4 5 6 7 8 9 |  9.3
Invocations    | 3 7 10 11 13 15 16 | 16.3

Action                   |  1- 3 |  4- 6 |  7- 9 | 10-12 || total
-------------------------+-------+-------+-------+-------++-------
Melee: Flail             |    62 |       |       |       ||    62
       Morningstar       |       |    14 |    79 |   157 ||   250
Invok: Heroism           |       |       |     1 |     3 ||     4
       Finesse           |       |       |       |     1 ||     1
  Use: Potion            |       |     1 |       |     3 ||     4
       Scroll            |       |       |       |     1 ||     1
 Stab: Invisible         |       |     1 |       |       ||     1
       Distracted        |       |       |       |     1 ||     1
  Eat: Chunk             |       |       |     2 |     2 ||     4
Armor: Scale mail        |    31 |     8 |    25 |    27 ||    91
Dodge: Dodged            |     8 |     3 |    26 |    35 ||    72
Block: Shield            |    47 |     5 |    44 |    48 ||   144
